 Dungeon Crawl Stone Soup version 0.21-a0-414-gba8bdf1 (webtiles) character file.

291 namelastname112 the Sneak (level 6, -5/28 HPs)
             Began as a Felid Wanderer on Nov 2, 2017.
             Slain by an ogre
             ... wielding a +0 giant spiked club
              (10 damage)
             ... on level 5 of the Dungeon.
             The game lasted 00:08:50 (4493 turns).

namelastname112 the Sneak (Felid Wanderer)          Turns: 4493, Time: 00:08:50

Health: -5/28      AC:  2    Str: 10    XL:     6   Next: 10%
Magic:  10/10      EV: 19    Int: 14    God:
Gold:   200        SH:  0    Dex: 18    Spells: 9/9 levels left
                                        Lives:  0   Deaths: 1

rFire    . . .     SeeInvis +     - Unarmed
rCold    . . .     Gourm    .   (shield unavailable)
rNeg     . . .     Faith    .   (armour unavailable)
rPois    .         Spirit   .   (helmet unavailable)
rElec    .         Reflect  .   (cloak unavailable)
rCorr    .         Harm     .   (gloves unavailable)
MR       .....                  (boots unavailable)
Stlth    +++.......             (no amulet)
HPRegen  0.09/turn              d - ring of flight
MPRegen  0.12/turn              m - +3 ring of strength

@: very slightly contaminated, hasted, very quick
A: no armour, no weapons or thrown items, stealth, claws 1, fangs 3, see
invisible, carnivore 3, speed 1, shaggy fur 2, slow metabolism 1, sharp paws
a: Evoke Flight


You were on level 5 of the Dungeon.
You were completely stuffed.

You visited 1 branch of the dungeon, and saw 5 of its levels.
You also visited: Sewer.

You collected 200 gold pieces.

Inventory:

Jewellery
 d - a ring of flight (left paw)
 m - a +3 ring of strength (right paw)
Wands
 b - a wand of random effects (9/48)
 r - a wand of flame (9/48)
Scrolls
 f - 3 scrolls of magic mapping
 i - a scroll of enchant armour
 j - 2 scrolls of remove curse
 l - a scroll of blinking
 q - a scroll of recharging
Potions
 g - a potion of brilliance {unknown}
 k - a potion of might
 n - a potion of mutation {unknown}
 o - a potion of magic
 p - 2 potions of heal wounds
 s - a potion of flight
 v - a potion of curing
 x - a potion of lignification
Comestibles
 c - 2 meat rations
 h - 2 royal jellies


   Skills:
 + Level 3.5 Fighting
 + Level 4.0 Dodging
 + Level 4.5 Stealth
 * Level 4.0 Unarmed Combat
 - Level 2.0 Spellcasting
   Level 1.0 Necromancy
   Level 1.7 Earth Magic
 - Level 1.1 Evocations


You had 9 spell levels left.
You didn't know any spells.

Dungeon Overview and Level Annotations

Branches:
Dungeon (5/15)
 Temple: D:4-7

Altars:
Makhleb
Okawaru
Wu Jian

Annotations:
D:2 1 runed door


Innate Abilities, Weirdness & Mutations

You cannot wear armour.
You are incapable of wielding weapons or throwing items.
Your paws allow you to move quietly. (Stealth)
You have sharp claws.
You have razor-sharp teeth.
You have supernaturally acute eyesight. (SInv)
You are carnivorous and can eat meat at any time.
You cover ground quickly.
You are covered in thick fur. (AC +2)
You have a slow metabolism.
Your sharp claws are effective at attacking unaware monsters.


Message History

The orc wizard blinks!
Found a stone staircase leading down.
A giant cockroach comes into view.
The giant cockroach moves out of view.
Found 7 arrows.
There is a stone staircase leading down here.
You climb downwards.
An ogre and 2 zombies come into view.
The ogre shouts!
Found a scroll of remove curse, a wooden ring and 2 silvery potions.
Found a stone staircase leading up and a stone staircase leading down.
There is a stone staircase leading up here.
Found 12 gold pieces.
Found 27 stones.
An ogre comes into view. It is wielding a giant spiked club.
The ogre shouts!
Found a stone staircase leading down.
An orc comes into view. It is wielding a dagger.
The ogre hits you with a giant spiked club!
You die...

....... .......
....... .......
....... .$.....
.#####
#+####.......
..#..##(#..@#....>#
#...........O.#
####..####..##...#
........##Z.#
##o... #..#.......#
... #......###.# #
.. #.#......#Z... #
#...<........
.......<.........


You could see an ogre, an orc, an adder zombie and a hound zombie.

Vanquished Creatures
  2 bullfrogs (Sewer)
  11 adders
  4 gnolls (D:3)
  2 river rats (Sewer)
  3 oozes
  2 worms (D:3)
  2 dart slugs
  2 leopard geckos
  5 orcs
  3 giant cockroaches
  2 goblins (D:3)
  4 hobgoblins
  A quokka (D:2)
  12 ball pythons
  6 bats
  14 frilled lizards
  6 kobolds
  28 rats
109 creatures vanquished.

Notes
Turn   | Place    | Note
-------+----------+-------------------------------------------
     0 | D:1      | namelastname112 the Felid Wanderer began the quest for the Orb.
     0 | D:1      | namelastname112 set off with: a potion of curing, a wand of random effects (15/48), a meat ration
     0 | D:1      | Reached XP level 1. HP: 9/9 MP: 4/4
   228 | D:1      | Reached XP level 2. HP: 13/13 MP: 6/6
   238 | D:1      | Reached skill level 1 in Unarmed Combat
   961 | D:2      | Found an ornate altar of the Wu Jian Council.
   980 | D:2      | Reached XP level 3. HP: 14/16 MP: 7/7
  1634 | D:2      | Found an iron altar of Okawaru.
  1794 | D:2      | Found a burning altar of Makhleb.
  1886 | D:2      | Reached XP level 4. HP: 18/20 MP: 8/8
  2088 | D:2      | Found a runed door.
  2684 | D:3      | Reached XP level 5. HP: 21/24 MP: 9/9
  2788 | D:3      | Found a faded altar of an unknown god.
  2796 | D:3      | Found a glowing drain.
  2810 | Sewer    | Entered a sewer
  3336 | Sewer    | Killed themself with a badly aimed fireball
  3337 | Sewer    | Reached XP level 4. HP: -11/21 MP: 8/8
  3515 | Sewer    | Noticed a bullfrog
  3521 | Sewer    | Noticed a bullfrog
  3552 | Sewer    | Killed a bullfrog
  3552 | Sewer    | Reached XP level 5. HP: 24/24 MP: 9/9
  3559 | Sewer    | HP: 1/24 [bullfrog (8)]
  3966 | Sewer    | Gained mutation: You are covered in thick fur. (AC +2) [Felid growth]
  3966 | Sewer    | Reached XP level 6. HP: 28/28 MP: 8/10
  4344 | D:4      | Noticed an orc warrior
  4485 | D:5      | Entered Level 5 of the Dungeon
  4493 | D:5      | Slain by an ogre

Vault maps used:
D:1:      tarquinn_simple_flora_water_f, serial_glass, glass_columns_a,
          glass_columns_b, glass_columns_a, glass_columns_a, glass_columns_b,
          glass_columns_b, minmay_strange_pillars, minmay_strange_pillars,
          minmay_strange_pillars, due_unseen_surprise
D:2:      okawaru_trees_2, lemuel_doored_altar, first_bread, bloody_makhleb,
          uniq_crazy_yiuf_cottage
D:3:      chequers_ecumenical_altar_simple, cheibrodos_sewer_entry_drain
D:4:      item_on_display_a
D:5:      nicolae_ru_awakened_eye, led_xom_imps,
          minmay_temple_entry_statues_fountains
Sewer:    sewer_minmay_w

Skill      XL: |  1  2  3  4  5  6 |
---------------+-------------------+-----
Unarmed Combat | 1 2 3 4 |  4.0
Stealth        | 2 4 |  4.5
Dodging        | 2 3 4 |  4.0
Fighting       | 3 |  3.5
Spellcasting   | |  2.0
Necromancy     | |  1.0
Earth Magic    | |  1.7
Evocations     | |  1.1

Action                   |  1- 3 |  4- 6 || total
-------------------------+-------+-------++-------
Melee: Unarmed           |   111 |   205 ||   316
       Bite              |    14 |    18 ||    32
       Punch             |       |     2 ||     2
 Abil: Evoke Flight      |       |     6 ||     6
Evoke: Wand              |       |    24 ||    24
  Use: Potion            |     2 |     9 ||    11
       Scroll            |       |    11 ||    11
 Stab: Sleeping          |     8 |     9 ||    17
       Distracted        |     1 |       ||     1
  Eat: Chunk             |     5 |    15 ||    20
Armor: Skin              |    11 |    13 ||    24
Dodge: Dodged            |   116 |   172 ||   288

Table legend:
 A = Spawn XP
 B = Non-spawn XP
 C = Spawn XP percentage of total XP
 D = Spawn monster count
 E = Non-spawn monster count
 F = Spawn count percentage of total count
 G = Total turns spent on level
                    A         B        C        D         E        F      G
               +---------+---------+-------+---------+---------+-------+---------
         Total |       0 |     567 |   0.0 |       0 |     109 |   0.0 |  4493
               +---------+---------+-------+---------+---------+-------+---------
           D:1 |       0 |      24 |   0.0 |       0 |      13 |   0.0 |   844
           D:2 |       0 |      81 |   0.0 |       0 |      22 |   0.0 |  1359
           D:3 |       0 |     157 |   0.0 |       0 |      25 |   0.0 |   946
           D:4 |       0 |       3 |   0.0 |       0 |       1 |   0.0 |   150
         Sewer |       0 |     302 |   0.0 |       0 |      48 |   0.0 |  1186
               +---------+---------+-------+---------+---------+-------+---------
